 Dungeon Crawl Stone Soup version 0.20.1-1-g8b1a95d (webtiles) character file.

88 letownia2 the Grave Robber (level 4, -3/36 HPs)
             Began as a Deep Dwarf Necromancer on Dec 27, 2017.
             Killed by divine providence
             ... invoked by an orc priest
              (10 damage)
             ... on level 4 of the Dungeon.
             The game lasted 00:03:25 (948 turns).

letownia2 the Grave Robber (Deep Dwarf Necromancer)  Turns: 948, Time: 00:03:26

Health: -3/36      AC:  6    Str: 11    XL:     4   Next: 30%
Magic:  0/7        EV:  9    Int: 17    God:
Gold:   3          SH:  0    Dex: 13    Spells: 3/7 levels left

rFire    . . .     SeeInvis .   a - +0 trident
rCold    + . .     Gourm    .   (no shield)
rNeg     . . .     Faith    .   m - +0 scale mail (curse)
rPois    .         Spirit   .   (no helmet)
rElec    .         Reflect  .   (no cloak)
rCorr    .         Harm     .   (no gloves)
MR       .....                  (no boots)
Stlth    +.........             (no amulet)
Regen    0.0/turn               f - ring of protection from cold
MPRegen  0.1/turn               (no ring)

@: very slightly contaminated, non-regenerating
A: damage resistance, heal wounds, sense surroundings 1, no regeneration
a: Heal Wounds


You were on level 4 of the Dungeon.
You were not hungry.

You visited 1 branch of the dungeon, and saw 4 of its levels.

You collected 3 gold pieces.

Inventory:

Hand Weapons
 a - a +0 trident (weapon)
 n - a +0 dagger
Armour
 l - a +0 robe
 m - a cursed +0 scale mail (worn)
Jewellery
 f - a ring of protection from cold (left hand)
Scrolls
 e - a scroll of fear {unknown}
 j - a scroll of amnesia {unknown}
 k - 2 scrolls of recharging {unknown}
 o - a scroll of blinking {unknown}
Potions
 h - a potion of cancellation {unknown}
 i - a potion of ambrosia {unknown}
Books
 b - a book of Necromancy

   Spells                             Type                      Level
   a - Pain                           Necromancy                   1
   b - Animate Skeleton               Necromancy                   1
   c - Vampiric Draining              Necromancy                   3
   d - Regeneration                   Charms/Necromancy            3
   e - Animate Dead                   Necromancy                   4
   f - Control Undead                 Necromancy                   4
Comestibles
 c - a bread ration
 d - 2 meat rations
 g - 5 chunks of flesh


   Skills:
 - Level 2.1 Dodging
 - Level 2.4 Stealth
 - Level 2.3 Spellcasting
 + Level 6.0 Necromancy


You had 3 spell levels left.
You knew the following spells:

 Your Spells              Type           Power        Failure   Level  Hunger
a - Pain                  Necr           ###.         10%         1    #......
v - Vampiric Draining     Necr           ###.......   28%         3    ###....


Dungeon Overview and Level Annotations

Branches:
Dungeon (4/15)
 Temple: D:4-7

Altars:


Innate Abilities, Weirdness & Mutations

You are resistant to damage.
You can heal yourself by infusing magical energy.
You passively map a small area around you.
You do not regenerate.


Message History

You don't know that spell.
Attack whom?
Press: ? - help, Dir - move target cursor, f - orc priest
Aim: an orc priest, wearing a ring mail You reach to attack!
You hit the orc priest.
The orc priest is lightly wounded.
The orc priest hits you.
Unknown command.
Unknown command.
Casting: Vampiric Draining
Confirm with . or Enter, or press ? or * to list all spells.
Aiming: Vampiric Draining
Press: ? - help, Shift-Dir - straight line, f/p - orc priest
Aim: an orc priest, wearing a ring mail (lightly wounded)
You miscast Vampiric Draining.
You are very lightly contaminated with residual magic.
Your bones ache.
The orc priest mumbles some strange prayers to Beogh against you.
Beogh smites you!
You die...

, *, , ,........# , *
........# ,, * * #......#,
,, , #......# #......# , ,
* ##### #......# .# ,
....########......+..# ,
......)....#...#@.#..# , *
...........#.##o##...# ....
,,
######.....#.#.⌠.#...#,..o.
,
.....##'####.##.##...#.....
...............#..##+#.....
.........>..##........o....
,
............+...#....o.....
,
............#...#..........
..<..#####+##...#....$.....


You could see an orc priest.

Vanquished Creatures
  An orc priest (D:4)
  4 adders
  A leopard gecko (D:3)
  2 orcs
  2 bats
  A giant cockroach (D:1)
  A hobgoblin (D:2)
  3 jackals (D:4)
  A quokka (D:3)
  A ball python (D:2)
  4 kobolds
  2 rats
23 creatures vanquished.

Notes
Turn   | Place    | Note
-------+----------+-------------------------------------------
     0 | D:1      | letownia2 the Deep Dwarf Necromancer began the quest for the Orb.
     0 | D:1      | Reached XP level 1. HP: 15/15 MP: 3/3
   176 | D:2      | Reached XP level 2. HP: 17/22 MP: 0/5
   408 | D:3      | Reached skill level 5 in Necromancy
   465 | D:3      | Reached XP level 3. HP: 19/28 MP: 1/6
   470 | D:3      | Learned a level 3 spell: Vampiric Draining
   945 | D:4      | Reached skill level 6 in Necromancy
   945 | D:4      | Reached XP level 4. HP: 16/36 MP: 3/7
   948 | D:4      | Killed from afar by an orc priest

Skill      XL: |  1  2  3 |
---------------+----------+-----
Spellcasting   | 2 |  2.3
Necromancy     | 5 6 |  6.0
Dodging        | |  2.1
Stealth        | |  2.4

Action                   |  1- 3 |  4- 6 || total
-------------------------+-------+-------++-------
Melee: Trident           |     6 |     1 ||     7
 Cast: Pain              |    40 |       ||    40
       Vampiric Draining |     3 |     1 ||     4
 Stab: Sleeping          |     1 |       ||     1
  Eat: Chunk             |     1 |       ||     1
Armor: Robe              |     4 |       ||     4
Dodge: Dodged            |    18 |       ||    18
